 Dungeon Crawl Stone Soup version 0.17-a0-627-g5cb7d3e (webtiles) character file.

32018 ololoevDg the Thaumaturge (level 13, 105/107 HPs)
             Began as a Demigod Air Elementalist on Apr 16, 2015.
             Quit the game on level 3 of the Lair of Beasts.
             The game lasted 01:49:15 (28749 turns).

ololoevDg the Thaumaturge (DgAE)                   Turns: 28749, Time: 01:49:15

Health: 105/107    AC:  8    Str: 11    XL:     13   Next: 1%
Magic:  0/10       EV: 17    Int: 27    God:
Gold:   1103       SH:  0    Dex: 16    Spells: 6 memorised, 17 levels left

rFire  + . .     SeeInvis .     K - +0 demon blade (antimagic)
rCold  . . .     Clarity  .     A - +2 robe {rF+}
rNeg   . . .     SustAb   +     (no shield)
rPois  .         Gourm    .     J - +0 helmet
rElec  .         Spirit   .     s - +0 cloak
rCorr  .         Warding  .     i - +0 pair of gloves
rMut   .         Stasis   .     z - +0 pair of boots
MR     +....                    (no amulet)
Stlth  ++........               (no ring)
                                (no ring)

@: repel missiles, somewhat resistant to hostile enchantments, unstealthy
A: high mp 1, sustain abilities
a: no special abilities


Innate Abilities, Weirdness & Mutations

You have an increased reservoir of magic (+10% MP).
Your attributes are resistant to harm.

Inventory:

Hand weapons
 a - a +0 double sword
 j - a +2 dagger of venom
 w - the +6 scimitar of Flaming Death {flame, rPois rF++ rC- MR+}
   (You found it on level 6 of the Dungeon)

   It has been specially enchanted to burn those struck by it, causing extra
   injury to most foes and up to half again as much damage against particularly
   susceptible opponents.
   Big, fiery blades are also staple armaments of hydra-hunters.
   It greatly protects you from fire.
   It makes you vulnerable to cold.
   It protects you from poison.
   It affects your resistance to hostile enchantments.
 K - a +0 antimagic demon blade (weapon)
 L - a +0 dagger of protection
Armour
 i - a +0 pair of gloves (worn)
 s - a +0 cloak (worn)
 x - the +2 leather armour of the Eternal Void {rElec MR- rCorr Dex+5, unknown}
   (You found it on level 6 of the Dungeon)

   It affects your dexterity (+5).
   It insulates you from electricity.
   It affects your resistance to hostile enchantments.
   It protects you from acid and corrosion.
 z - a +0 pair of boots (worn)
 A - a +2 robe of fire resistance (worn)
 E - a +1 cloak of magic resistance
 J - a +0 helmet (worn)
Scrolls
 d - a scroll of torment {unknown}
 f - a scroll of immolation {unknown}
 h - 10 scrolls of remove curse
 k - 8 scrolls of teleportation
 l - 4 scrolls of magic mapping
 o - a scroll of fear
 y - a scroll of amnesia {unknown}
 C - a scroll of enchant armour {unknown}
 I - a scroll of summoning {unknown}
Potions
 e - 5 potions of curing
 q - 2 potions of cancellation
 r - 2 potions of resistance {unknown}
 t - 2 potions of berserk rage {unknown}
 u - 2 potions of restore abilities
 v - 3 potions of cure mutation
 B - 2 potions of brilliance
 D - a potion of lignification {unknown}
 F - a potion of haste {unknown}
 H - a potion of heal wounds {unknown}
 N - 3 potions of invisibility
Books
 b - a book of Air

   Spells                             Type                      Level
   a - Shock                          Conjuration/Air              1
   b - Swiftness                      Charms/Air                   2
   c - Repel Missiles                 Charms/Air                   2
   d - Flight                         Charms/Air                   3
   e - Static Discharge               Conjuration/Air              3
   f - Lightning Bolt                 Conjuration/Air              5
 g - a book of Air

   Spells                             Type                      Level
   a - Shock                          Conjuration/Air              1
   b - Swiftness                      Charms/Air                   2
   c - Repel Missiles                 Charms/Air                   2
   d - Flight                         Charms/Air                   3
   e - Static Discharge               Conjuration/Air              3
   f - Lightning Bolt                 Conjuration/Air              5
Comestibles
 c - 14 bread rations
 m - 15 fruits
 n - a meat ration
 G - 3 slices of pizza


   Skills:
 + Level 7.7 Fighting
 + Level 7.8 Dodging
 - Level 1.7 Stealth
 + Level 10.5 Spellcasting
 - Level 10.4 Conjurations
 - Level 10.2 Air Magic


You had 17 spell levels left.
You knew the following spells:

 Your Spells              Type           Power        Failure   Level  Hunger
a - Shock                 Conj/Air       ####         1%          1    None
b - Swiftness             Chrm/Air       #####...     1%          2    None
c - Repel Missiles        Chrm/Air       #####.       1%          2    None
d - Lightning Bolt        Conj/Air       ######....   1%          5    ###....
e - Flight                Chrm/Air       #####.....   1%          3    None
f - Static Discharge      Conj/Air       ######..     1%          3    None


You were on level 3 of the Lair of Beasts.
You were very hungry.

You visited 2 branches of the dungeon, and saw 15 of its levels.

You collected 1103 gold pieces.

#.......## ##.....# #........
P........# #....## ##.......:
#.......## ##....# #.........
........## #.....# #......./.
.........######.....# #..P......
#.......##.)P##.....# ##.#......
....................# ##........
....##..###.........## #..##.#..#
....#...........@....# ##........
....................#####.....#.#
....#...........#.........+......
..................#..#P...#......
....#...........#..#.##..........
................#.#..##...#......
....##..###P..##..........#......
....................###..........
...P#P............###.##..+......

Notes
Turn   | Place    | Note
--------------------------------------------------------------
     0 | D:1      | ololoevDg, the Demigod Air Elementalist, began the quest for the Orb.
     0 | D:1      | Reached XP level 1. HP: 14/14 MP: 5/5
    57 | D:1      | Reached skill level 1 in Conjurations
   267 | D:1      | Reached skill level 3 in Air Magic
   284 | D:1      | Reached XP level 2. HP: 20/20 MP: 1/7
  1055 | D:2      | Learned a level 2 spell: Swiftness
  1417 | D:2      | Reached XP level 3. HP: 26/26 MP: 2/8
  2188 | D:2      | Reached XP level 4. HP: 30/33 MP: 9/9
  2358 | D:2      | Reached skill level 4 in Air Magic
  2981 | D:3      | Reached XP level 5. HP: 38/38 MP: 5/10
  3641 | D:3      | Found a glowing drain.
  3961 | D:3      | Reached XP level 6. HP: 45/45 MP: 9/11
  3993 | D:3      | Learned a level 2 spell: Repel Missiles
  4355 | D:4      | Reached skill level 5 in Air Magic
  4359 | D:4      | Reached skill level 5 in Conjurations
  4679 | D:4      | Reached XP level 7. HP: 50/50 MP: 7/12
  4853 | D:4      | Found a deep blue altar of Sif Muna.
  4854 | D:4      | Found a blossoming altar of Fedhas.
  4884 | D:4      | Found a staircase to the Ecumenical Temple.
  5147 | D:4      | Reached skill level 6 in Conjurations
  5395 | D:5      | Entered Level 5 of the Dungeon
  6101 | D:5      | Learned a level 5 spell: Lightning Bolt
  6126 | D:5      | Reached XP level 8. HP: 57/57 MP: 10/15
  6893 | D:5      | Noticed Blork the orc
  6895 | D:5      | Killed Blork the orc
  7454 | D:6      | Reached skill level 7 in Conjurations
  7787 | D:6      | Learned a level 3 spell: Flight
  7800 | D:6      | Got a steaming leather armour
  9154 | D:7      | Reached XP level 9. HP: 47/62 MP: 5/18
  9734 | D:7      | Identified Jofy's Tome of the Snowflakes and Shape Shifting (You found it on level 7 of the Dungeon)
  9905 | D:7      | Reached skill level 8 in Conjurations
 10667 | D:8      | Reached skill level 5 in Spellcasting
 11337 | D:8      | Found a stormy altar of Qazlal.
 11484 | D:8      | Found a staircase to the Lair.
 11882 | D:9      | Found a sacrificial altar of Ru.
 12140 | D:9      | Found a glowing silver altar of Zin.
 12304 | D:9      | Reached skill level 9 in Conjurations
 12442 | D:9      | Reached XP level 10. HP: 69/69 MP: 10/22
 12871 | D:10     | Entered Level 10 of the Dungeon
 15171 | D:11     | Found a frozen archway.
 15296 | D:11     | Reached skill level 10 in Conjurations
 16020 | D:11     | Found a staircase to the Orcish Mines.
 16228 | D:11     | Reached skill level 10 in Air Magic
 16265 | D:11     | Reached XP level 11. HP: 67/74 MP: 3/26
 18133 | D:12     | Noticed Maurice
 18137 | D:12     | Killed Maurice
 18137 | D:12     | Reached skill level 1 in Fighting
 20467 | Lair:1   | Entered Level 1 of the Lair of Beasts
 20566 | Lair:1   | Noticed Sonja
 21119 | D:8      | Reached skill level 5 in Dodging
 21751 | D:8      | Killed Sonja
 21751 | D:8      | Reached XP level 12. HP: 77/93 MP: 23/29
 22094 | D:8      | Reached skill level 5 in Fighting
 22846 | Lair:1   | Noticed Joseph
 23664 | Lair:1   | Killed Joseph
 24853 | Lair:1   | Learned a level 3 spell: Static Discharge
 26138 | Lair:2   | Reached skill level 10 in Spellcasting
 27472 | Lair:3   | Found a hole to the Spider Nest.
 28725 | Lair:3   | Noticed a five-headed hydra
 28731 | Lair:3   | Killed a five-headed hydra
 28747 | Lair:3   | Reached XP level 13. HP: 105/107 MP: 0/32
 28749 | Lair:3   | Quit the game

Dungeon Overview and Level Annotations

Branches:
Dungeon (12/15)            Temple (0/1) D:4            Lair (3/8) D:8
    Orc (0/4) D:11
  Swamp: Lair:3-6    Shoals: Lair:3-6     Snake: Lair:3-6    Spider: Lair:3-6


Message History

Casting: Lightning Bolt
Confirm with . or Enter, or press ? or * to list all spells.
Aiming: Lightning Bolt
Press: ? - help, Shift-Dir - straight line, f/p - five-headed hydra
Aim: a five-headed hydra (almost dead)
You hear a mighty clap of thunder!
The bolt of lightning hits the five-headed hydra.
You kill the five-headed hydra!
The bolt of lightning hits the death yak.
The death yak is moderately wounded.
Casting: Lightning Bolt
Confirm with . or Enter, or press ? or * to list all spells.
Aiming: Lightning Bolt
Press: ? - help, Shift-Dir - straight line, f - death yak
Aim: a death yak (moderately wounded)
You hear a mighty clap of thunder!
The bolt of lightning hits the death yak.
The death yak is severely wounded.
Casting: Lightning Bolt
Confirm with . or Enter, or press ? or * to list all spells.
Aiming: Lightning Bolt
Press: ? - help, Shift-Dir - straight line, f/p - death yak
Aim: a death yak (severely wounded)
You hear a mighty clap of thunder!
The bolt of lightning hits the death yak.
The death yak is almost dead.
Casting: Lightning Bolt
Confirm with . or Enter, or press ? or * to list all spells.
Aiming: Lightning Bolt
Press: ? - help, Shift-Dir - straight line, f/p - death yak
Aim: a death yak (almost dead)
You hear a mighty clap of thunder!
The bolt of lightning hits the death yak.
You kill the death yak!
You have reached level 13!
You are feeling very hungry.
Wield which item (- for none, * to show all)? (? for menu, Esc to quit)
You feel less protected.
You feel magic leave you.
K - a +0 antimagic demon blade (weapon)
Are you sure you want to abandon this character and quit the game? (Confirm with "yes".)

There were no monsters in sight!

Vanquished Creatures
  A hydra (Lair:3)
  6 death yaks
  Sonja (D:8)
  An orb spider (Lair:3)
  A hill giant (D:12)
  2 ugly things (D:12)
  Maurice (D:12)
  Joseph (Lair:1)
  2 black mambas
  5 spiny frogs
  A gargoyle (D:11)
  5 komodo dragons
  A kobold demonologist (D:12)
  5 slime creatures (D:12)
  A troll (D:10)
  2 two-headed ogres
  13 blink frogs
  A spriggan (D:8)
  A deep elf mage (D:12)
  16 yaks
  A wraith (D:12)
  2 hippogriffs
  A steam dragon (D:9)
  7 wyverns
  3 hungry ghosts
  4 basilisks
  8 porcupines
  4 vampire mosquitoes (D:12)
  8 water moccasins
  A mottled dragon (D:11)
  6 orc warriors
  7 phantoms
  5 ogres
  An eye of draining (D:12)
  2 sky beasts
  A swamp drake (D:11)
  11 ice beasts
  9 centaurs
  A necrophage (D:10)
  5 crocodiles
  Blork the orc (D:5)
  13 giant frogs
  3 big kobolds (D:12)
  A water moccasin zombie (D:12)
  5 scorpions
  A wight (D:12)
  15 killer bees
  2 vampire bats (D:3)
  8 hounds
  6 crimson imps
  11 orc priests
  3 giant frog zombies
  4 quasits
  2 jellies
  4 giant frog skeletons
  A centaur skeleton (D:7)
  16 orc wizards
  9 iguanas
  9 worker ants
  A worker ant zombie (D:10)
  11 adders
  12 gnolls
  56 river rats
  4 shadow imps
  An ufetubus (D:12)
  An adder zombie (D:5)
  An adder skeleton (D:9)
  4 worms
  6 giant geckos
  67 orcs
  19 bats
  A bat zombie (D:7)
  7 giant cockroaches
  12 goblins
  23 hobgoblins
  8 jackals (D:5)
  23 kobolds
  4 quokkas
  7 ball pythons
  7 giant newts
  A quokka skeleton (D:4)
  A quokka zombie (D:7)
  20 rats
  3 ballistomycetes (D:8)
  A plant (Lair:1)
569 creatures vanquished.

Vanquished Creatures (others)
  A shadow (D:11)
  3 killer bees (D:11)
  A giant spore (D:8)
  4 toadstools (D:1)
9 creatures vanquished.

Grand Total: 578 creatures vanquished

Action                   |  1- 3 |  4- 6 |  7- 9 | 10-12 | 13-15 || total
-------------------------+-------+-------+-------+-------+-------++-------
Melee: Unarmed           |     1 |       |       |       |       ||     1
       Dagger            |    26 |       |    83 |   131 |       ||   240
       Short sword       |       |    34 |     6 |       |       ||    40
 Cast: Shock             |    84 |   117 |   383 |   555 |       ||  1139
       Repel Missiles    |       |     1 |       |     2 |       ||     3
       Lightning Bolt    |       |       |    19 |   240 |     1 ||   260
       Swiftness         |       |       |     1 |     1 |       ||     2
       Flight            |       |       |     1 |       |       ||     1
  Use: Scroll            |       |     9 |     2 |    17 |       ||    28
       Potion            |       |       |     2 |     7 |       ||     9
 Stab: Distracted        |       |       |     1 |       |       ||     1
  Eat: Chunk             |     5 |     9 |    16 |    43 |       ||    73
       Meat ration       |       |       |     2 |     6 |       ||     8
       Pizza             |       |       |     1 |     1 |       ||     2
       Bread ration      |       |       |     2 |     2 |       ||     4
       Beef jerky        |       |       |       |     3 |       ||     3

Vault maps used:
D:1:      ldierk_walled_garden_2
D:2:      minmay_shallow_snake_nest
D:3:      first_bread, serial_curves, eino_curves_01, eino_curves_04,
          portal_sewer_entry_b, kennysheep_cross_bottleneck, roderic_batcave
D:4:      gammafunk_temple_overflow_statue, minmay_temple_entry_mist,
          minmay_parallelograms
D:5:      nicolae_overflow_hidden_temple, uniq_blork_the_orc
D:6:      kennysheep_generic_room_7
D:8:      lemuel_doored_altar, lair_0_dummy, the_bakery
D:9:      lemuel_crystal_altar, kennysheep_mini_moat
D:11:     erik_orc_1, portal_ice_cave_entry_ice_beasts, lemuel_flamethrower_2
D:12:     uniq_maurice
Lair:1:   st_stairs_9, serial_bayou_shore_a, uniq_sonja, uniq_joseph
Lair:2:   minivault_23, grunt_megastairs_2, lemuel_fruit_fields,
          serial_bayou_shore_b, infiniplex_staircase_pool_2
Lair:3:   nicolae_spider_entry_orb_guardian, beast_lair_carwin_1
